Map: Cactus Valley LE (Void)

Players

llllllllllll

  • Race: Protoss Protoss
  • League: Grandmaster
  • Spawn Location: 1:00

Railgan - Winner!

  • Race: Zerg Zerg
  • League: Grandmaster
  • Spawn Location: 7:00

VOD

Have the link to the VOD?

Description

Time

  • Played on: March 10, 2017, 8:59 a.m.
  • Length: 15:33
Show
View Real Time Build Order
Export as new Build Order

llllllllllll Protoss 

Build Orders: 1 Gate Expand, Oracle Opening, Zealot Archon 

Get SALT Encoding   

  12  0:01  Probe (Chrono Boost)  
  13  0:13  Probe (Chrono Boost)  
  14  0:20  Pylon  
  14  0:25  Probe (Chrono Boost)  
  15  0:38  Probe (Chrono Boost)  
  16  0:46  Gateway  
  17  0:50  Probe (Chrono Boost), Assimilator  
  17  1:00  Probe (Chrono Boost)  
  18  1:11  Probe (Chrono Boost)  
  19  1:21  Probe (Chrono Boost)  
  20  1:27  Nexus  
  20  1:36  Cybernetics Core  
  20  1:38  Probe (Chrono Boost)  
  21  1:44  Assimilator  
  21  1:49  Probe (Chrono Boost)  
  22  1:56  Pylon  
  22  1:59  Probe (Chrono Boost)  
  23  2:12  Adept  
  23  2:15  Warp Gate, Probe (Chrono Boost)  
  26  2:26  Probe (Chrono Boost)  
  28  2:37  Stargate, Probe (Chrono Boost)  
  28  2:40  Probe (Chrono Boost)  
  28  2:41  Adept  
  31  2:47  Probe (Chrono Boost)  
  31  2:50  Probe (Chrono Boost)  
  33  2:58  Probe (Chrono Boost)  
  34  3:01  Probe (Chrono Boost)  
  35  3:08  Probe (Chrono Boost)  
  35  3:11  Probe (Chrono Boost)  
  35  3:12  Adept  
  39  3:16  Oracle  
  39  3:20  Gateway  
  39  3:21  Gateway  
  39  3:25  Probe (Chrono Boost)  
  43  3:27  Pylon  
  43  3:29  Probe (Chrono Boost)  
  44  3:37  Probe (Chrono Boost)  
  45  3:46  Mothership Core (Chrono Boost)  
  47  3:50  Probe (Chrono Boost)  
  48  3:58  Nexus  
  48  3:59  Pylon  
  48  4:00  Probe (Chrono Boost)  
  49  4:04  Probe (Chrono Boost)  
  50  4:11  Probe (Chrono Boost)  
  50  4:13  Assimilator  
  50  4:14  Assimilator  
  50  4:15  Probe (Chrono Boost)  
  50  4:16  Pylon  
  52  4:18  Adept  
  52  4:19  Adept  
  52  4:21  Probe (Chrono Boost)  
  57  4:25  Probe (Chrono Boost)  
  57  4:28  Adept  
  57  4:39  Adept x2  
  57  4:40  Probe (Chrono Boost)  
  57  4:43  Probe (Chrono Boost)  
  63  4:54  Probe (Chrono Boost)  
  63  4:57  Forge  
  64  5:03  Probe (Chrono Boost)  
  64  5:05  Probe (Chrono Boost)  
  66  5:07  Sentry x2  
  66  5:08  Twilight Council  
  66  5:12  Probe (Chrono Boost)  
  66  5:13  Probe (Chrono Boost)  
  72  5:15  Probe (Chrono Boost)  
  73  5:22  Probe (Chrono Boost)  
  73  5:24  Probe (Chrono Boost)  
  73  5:26  Probe (Chrono Boost)  
  73  5:27  Robotics Facility  
  76  5:33  Probe (Chrono Boost)  
  76  5:34  Probe (Chrono Boost)  
  78  5:37  Probe (Chrono Boost)  
  77  5:43  Protoss Ground Weapons Level 1  
  77  5:46  Probe (Chrono Boost)  
  77  5:49  Charge  
  76  5:55  Probe (Chrono Boost)  
  69  5:59  Probe (Chrono Boost)  
  69  6:00  Probe (Chrono Boost)  
  64  6:07  Phoenix  
  64  6:09  Warp Prism  
  66  6:12  Gateway  
  66  6:13  Gateway  
  66  6:14  Probe (Chrono Boost)  
  66  6:15  Gateway  
  66  6:17  Gateway  
  66  6:18  Zealot, Sentry  
  71  6:20  Pylon  
  71  6:23  Gateway  
  73  6:26  Probe (Chrono Boost)  
  73  6:27  Zealot  
  73  6:30  Probe (Chrono Boost)  
  73  6:32  Pylon  
  77  6:34  Probe (Chrono Boost)  
  79  6:40  Probe (Chrono Boost)  
  79  6:41  Assimilator  
  79  6:42  Assimilator  
  79  6:43  Probe (Chrono Boost)  
  79  6:45  Immortal  
  80  6:53  Probe (Chrono Boost)  
  85  6:56  Templar Archives  
  85  6:58  Pylon x2, Probe (Chrono Boost)  
  85  7:00  Photon Cannon  
  86  7:02  Pylon  
  86  7:11  Pylon  
  86  7:19  Photon Cannon  
  86  7:21  Gateway  
  86  7:22  Protoss Ground Weapons Level 2, Observer  
  86  7:23  Zealot  
  86  7:24  Zealot x3, Gateway  
  86  7:26  Gateway  
  86  7:28  Zealot  
  97  7:35  High Templar x2  
  97  7:37  High Templar  
  103  7:39  Pylon  
  103  7:40  Pylon  
  103  7:45  Zealot  
  103  7:47  High Templar, Archon  
  103  7:49  Immortal  
  107  7:52  Zealot x2  
  107  7:53  Probe (Chrono Boost)  
  107  7:55  Archon  
  117  7:59  Probe (Chrono Boost)  
  117  8:01  Zealot, Probe (Chrono Boost)  
  117  8:05  Pylon  
  120  8:06  Psionic Storm  
  120  8:18  Pylon  
  120  8:19  Pylon  
  120  8:20  Nexus  
  120  8:21  High Templar  
  120  8:22  High Templar x2  
  120  8:26  Immortal  
  130  8:39  Zealot x3  
  130  8:40  Zealot x3  
  126  8:57  Zealot x5  
  126  9:00  Immortal  
  128  9:03  Photon Cannon  
  128  9:07  Photon Cannon  
  122  9:10  High Templar x2  
  122  9:11  High Templar x2  
  130  9:17  Photon Cannon  
  130  9:18  Pylon  
  130  9:22  Archon  
  130  9:23  Archon  
  130  9:24  High Templar  
  130  9:25  Zealot x3, High Templar  
  140  9:39  Immortal  
  140  9:43  Photon Cannon  
  140  9:44  Probe x2 (Chrono Boost)  
  146  9:47  Assimilator  
  146  9:50  Assimilator  
  133  10:05  Protoss Ground Weapons Level 3  
  127  10:09  Zealot x3  
  127  10:10  Zealot x5  
  127  10:13  Immortal  
  133  10:19  High Templar x2  
  133  10:20  High Templar x2  
  137  10:30  Archon x2  
  137  10:31  Zealot  
  137  10:32  Zealot x6  
  151  10:46  Pylon, Dark Shrine  
  151  10:50  Observer  
  152  10:58  Pylon  
  144  11:07  Zealot x3  
  144  11:08  Zealot x7  
  144  11:09  Zealot  
  144  11:10  Pylon  
  149  11:23  Probe (Chrono Boost)  
  149  11:24  Probe x3 (Chrono Boost)  
  137  11:28  High Templar  
  137  11:29  High Templar x3  
  137  11:30  High Templar x2  
  149  11:33  Probe (Chrono Boost)  
  149  11:36  Probe x3 (Chrono Boost)  
  149  11:38  Archon  
  149  11:39  Archon  
  153  11:44  Pylon, Probe (Chrono Boost)  
  153  11:45  Archon  
  132  11:48  Probe x2 (Chrono Boost)  
  132  11:49  Probe (Chrono Boost)  
  133  11:54  Probe (Chrono Boost)  
  133  11:58  Photon Cannon  
  133  11:59  Photon Cannon  
  134  12:01  Photon Cannon  
  134  12:05  Zealot, Dark Templar x2  
  140  12:10  Dark Templar  
  142  12:17  Immortal  
  146  12:28  Protoss Shields Level 1  
  146  12:35  Zealot x3  
  146  12:36  Zealot x3  
  139  12:53  Observer  
  114  13:06  Zealot x7  
  114  13:10  Immortal  
  128  13:15  High Templar x4  
  128  13:18  Probe (Chrono Boost)  
  128  13:19  Probe x3 (Chrono Boost)  
  140  13:30  Dark Templar  
  134  13:37  Probe (Chrono Boost), High Templar x4  
  134  13:38  High Templar x2  
  147  13:45  Archon  
  147  13:46  Observer, Archon x2  
  147  13:49  Dark Templar  
  147  13:51  Dark Templar x2  
  154  14:00  Dark Templar x3  
  156  14:05  Observer  
  156  14:17  Nexus  
  156  14:19  Pylon x2  
  156  14:20  Zealot x4  
  156  14:21  Zealot x2  
  156  14:23  Observer  
  167  14:37  Dark Templar x2  
  167  14:38  Dark Templar  
  151  14:39  Probe (Chrono Boost)  
  151  14:40  Probe x3 (Chrono Boost)  
  151  14:42  Observer  
  145  14:48  Archon  
  145  14:49  Probe (Chrono Boost)  
  145  14:52  Probe x3 (Chrono Boost)  
  128  14:53  Archon  
  125  15:00  Probe (Chrono Boost)  
  125  15:04  Probe (Chrono Boost)  
  125  15:06  Zealot x3, High Templar x2  
  125  15:07  Zealot x3  
  138  15:12  Observer, Archon  
  136  15:17  Zealot  
  136  15:18  Zealot x2  
  136  15:22  Probe (Chrono Boost)  
Show
View Real Time Build Order
Export as new Build Order

Railgan Zerg - Winner!

Build Orders: Hatch First, Swarm Host 

Get SALT Encoding   

  12  0:01  Drone  
  13  0:12  Overlord  
  13  0:17  Drone  
  14  0:30  Drone x2  
  16  0:40  Drone  
  17  0:46  Drone  
  18  0:57  Hatchery  
  17  0:58  Drone  
  17  1:00  Extractor  
  17  1:14  Spawning Pool  
  17  1:18  Drone  
  17  1:20  Drone  
  18  1:29  Drone  
  19  1:40  Overlord  
  19  1:58  Drone  
  20  2:02  Drone, Queen  
  23  2:09  Queen  
  23  2:10  Zergling x2  
  26  2:17  Drone  
  26  2:18  Metabolic Boost  
  26  2:20  Drone  
  26  2:21  Drone  
  29  2:30  Drone  
  29  2:36  Overlord  
  30  2:41  Queen  
  32  2:45  Evolution Chamber  
  32  2:47  Zergling x2  
  32  2:53  Drone  
  32  2:54  Drone  
  32  2:58  Drone  
  34  3:03  Queen  
  34  3:05  Overlord  
  36  3:06  Zergling x2  
  36  3:12  Zerg Melee Weapons Level 1  
  37  3:17  Drone x4  
  41  3:28  Zergling x4  
  43  3:37  Drone  
  43  3:38  Drone x3  
  47  3:42  Lair  
  47  3:44  Extractor x2  
  45  3:52  Drone x4, Overlord  
  49  3:57  Overlord  
  49  4:01  Drone  
  49  4:02  Drone  
  51  4:05  Extractor  
  50  4:15  Zergling x10  
  54  4:24  Overlord  
  54  4:25  Drone  
  54  4:27  Drone  
  55  4:34  Drone x4  
  59  4:41  Baneling Nest  
  59  4:43  Drone  
  59  4:44  Zergling x2  
  60  4:49  Spore Crawler  
  60  4:50  Spore Crawler  
  60  4:51  Drone x2  
  58  4:59  Drone x2  
  60  5:06  Overlord  
  60  5:07  Drone  
  60  5:08  Drone, Hatchery  
  61  5:15  Zerg Melee Weapons Level 2  
  61  5:16  Infestation Pit  
  61  5:17  Evolution Chamber  
  61  5:19  Zergling x6  
  62  5:24  Zergling x2  
  62  5:25  Zergling x4  
  62  5:26  Baneling x5  
  55  5:44  Zergling x2  
  54  5:55  Zergling x6  
  53  5:59  Queen  
  53  6:00  Zergling x2  
  53  6:02  Drone  
  53  6:03  Drone  
  57  6:07  Drone x3  
  57  6:08  Pathogen Glands  
  57  6:11  Drone x2  
  62  6:15  Zergling x2  
  62  6:16  Zergling x6  
  66  6:24  Queen  
  68  6:29  Overlord  
  68  6:30  Zerg Ground Armor Level 1  
  68  6:34  Drone x6  
  68  6:36  Spore Crawler  
  73  6:54  Overlord  
  73  6:56  Infestor x3  
  73  6:58  Burrow  
  79  7:07  Zergling x2  
  79  7:08  Zergling x18  
  89  7:18  Drone x2  
  89  7:19  Overlord  
  91  7:23  Overlord  
  90  7:37  Swarm Host  
  90  7:39  Overlord  
  90  7:40  Overlord  
  90  7:42  Extractor  
  90  7:43  Extractor  
  109  7:45  Drone  
  110  7:54  Drone x2  
  110  7:56  Hatchery  
  111  8:00  Swarm Host  
  111  8:03  Zergling x4  
  111  8:04  Zergling x4  
  127  8:07  Overlord  
  127  8:14  Baneling x6  
  127  8:15  Zergling x6  
  127  8:18  Zergling x4  
  132  8:25  Zergling x6  
  134  8:40  Zergling x8  
  134  8:57  Drone x2  
  134  8:58  Drone x6  
  138  9:12  Overlord  
  138  9:17  Zerg Missile Weapons Level 1  
  138  9:18  Baneling x4  
  138  9:19  Baneling x13  
  138  9:20  Zergling x16  
  138  9:21  Infestation Pit  
  145  9:25  Baneling x3  
  145  9:26  Drone  
  145  9:30  Centrifical Hooks  
  146  9:32  Zergling x2  
  146  9:33  Zergling x12  
  153  9:43  Zergling x2  
  153  9:44  Zergling x10  
  159  9:47  Zergling x2, Spore Crawler  
  140  10:02  Zergling x16  
  145  10:13  Drone  
  159  10:22  Overlord x2  
  159  10:26  Overlord  
  159  10:30  Overlord  
  159  10:32  Overlord  
  159  10:34  Zerg Ground Armor Level 2  
  159  10:36  Overlord  
  159  10:42  Drone x2  
  161  10:45  Extractor  
  161  10:47  Extractor  
  157  10:51  Spine Crawler  
  157  10:52  Spine Crawler  
  151  11:06  Zergling x2  
  151  11:07  Zergling x28  
  164  11:19  Zergling x10  
  164  11:21  Baneling x3  
  153  11:42  Drone x3  
  153  11:43  Drone x4  
  153  11:44  Drone x3  
  153  11:45  Zergling x2  
  156  11:48  Spine Crawler  
  156  11:49  Spine Crawler  
  156  11:50  Spine Crawler  
  156  11:53  Neural Parasite  
  153  11:54  Baneling x3  
  153  11:57  Pneumatized Carapace  
  153  11:59  Infestor x4  
  161  12:12  Zergling x10  
  166  12:21  Zergling x4  
  166  12:22  Zergling x2  
  168  12:27  Baneling x11  
  168  12:30  Zergling x2  
  168  12:31  Hatchery, Zergling x14  
  168  12:32  Overseer  
  174  12:39  Zergling x12  
  171  12:50  Zergling x2  
  171  12:51  Zergling x6  
  156  12:54  Zergling x2  
  156  12:55  Zergling x10  
  156  13:02  Zergling x2  
  156  13:03  Zergling x10  
  158  13:08  Zergling x4  
  160  13:14  Zergling x6  
  160  13:16  Baneling  
  160  13:17  Baneling x5  
  160  13:19  Zergling x2  
  155  13:27  Drone  
  155  13:28  Drone x3  
  162  13:59  Swarm Host x2  
  162  14:01  Overlord  
  189  14:02  Overlord  
  189  14:05  Overlord  
  189  14:07  Hatchery  
  189  14:08  Baneling  
  189  14:09  Baneling x9  
  187  14:18  Zergling x2  
  187  14:20  Overseer x2  
  187  14:22  Zergling x12  
  189  14:25  Zergling x2  
  189  14:26  Zergling x8  
  189  14:28  Zergling x2  
  176  14:40  Zergling x2  
  176  14:41  Zergling x8  
  168  14:48  Zergling x2  
  168  14:49  Zergling x10  
  172  14:57  Zergling x6  
  174  15:01  Zergling x2  
  174  15:02  Zergling x8  
  174  15:04  Overseer  
  174  15:06  Spore Crawler  
  175  15:07  Zergling x2  
Tags
 
Add a new tag
Caveats
  • Supply blocks, unpowered buildings, or Contaminate may cause inaccurate times.
  • Supply counts are checked every 10 seconds.